 Dungeon Crawl Stone Soup version 0.24-a0-778-g74da537585 (webtiles) character file.

Game seed: 8027132881414970949, levelgen mode: deterministic

1144 Kohma the Cleaver (level 8, -2/64 HPs)
             Began as a Hill Orc Abyssal Knight on Oct 7, 2019.
             Was a Priest of Lugonu.
             Slain by a wight
             ... wielding a cursed +4 hand axe
              (8 damage)
             ... on level 6 of the Dungeon.
             The game lasted 00:15:21 (6331 turns).

Kohma the Cleaver (Hill Orc Abyssal Knight)         Turns: 6331, Time: 00:15:21

Health: -2/64      AC: 10    Str: 17    XL:     8   Next: 37%
Magic:  9/9        EV:  6    Int: 12    God:    Lugonu [***...]
Gold:   281        SH:  3    Dex: 10    Spells: 7/7 levels left

rFire    . . .     SeeInvis .   b - +1 hand axe (drain)
rCold    . . .     Gourm    .   D - +0 buckler
rNeg     . . .     Faith    .   j - +0 chain mail
rPois    .         Spirit   .   (no helmet)
rElec    .         Reflect  .   (no cloak)
rCorr    .         Harm     .   (no gloves)
MR       .....                  v - +0 pair of boots
Stlth    ..........             (no amulet)
HPRegen  0.20/turn              (no ring)
MPRegen  0.11/turn              (no ring)

@: heavily drained
A: no striking features
a: Depart the Abyss, Bend Space, Banish, Renounce Religion


You were on level 6 of the Dungeon.
You worshipped Lugonu.
Lugonu was most pleased with you.
You were hungry.

You visited 1 branch of the dungeon, and saw 6 of its levels.
You visited the Abyss 1 time.

You collected 281 gold pieces.

Inventory:

Hand Weapons
 b - a +1 hand axe of draining (weapon)
Missiles
 g - 218 stones
 k - 3 curare-tipped darts
 l - 107 bolts
 q - 65 sling bullets
 z - 5 boomerangs
 C - 3 javelins (quivered)
 E - 7 poisoned darts
Armour
 j - a +0 chain mail (worn)
 v - a +0 pair of boots (worn)
 D - a +0 buckler (worn)
Jewellery
 u - a +1 ring of protection {unknown}
Wands
 o - a wand of iceblast (7)
 s - a wand of random effects (27)
 x - a wand of scattershot (6)
Scrolls
 d - 4 scrolls of teleportation
 e - a scroll of enchant weapon
 f - a scroll of remove curse
 p - a scroll of magic mapping
 t - a scroll of fear
 y - 2 scrolls of identify
Potions
 a - a potion of heal wounds {unknown}
 h - a potion of magic {unknown}
 i - a potion of degeneration {unknown}
 m - a potion of curing
 n - a potion of agility
 w - 3 potions of lignification
 A - a potion of brilliance {unknown}
 B - a potion of mutation {unknown}
Comestibles
 c - 12 rations


   Skills:
 - Level 3.6(1.3) Fighting
 * Level 9.8(7.1) Axes
 + Level 5.9(3.5) Armour
 - Level 0.7(0.0) Dodging
 - Level 4.0(1.7) Shields
 - Level 2.4(0.2) Invocations


You had 7 spell levels left.
You didn't know any spells.
Your spell library was empty.

Dungeon Overview and Level Annotations

Branches:
Dungeon (6/15)
 Temple: D:4-7

Altars:
Ashenzari
Cheibriados
Ru
Sif Muna
Uskayaw
Xom

Shops:
D:4 %


Message History

The wight is moderately damaged.
The wight hits you with a cursed +4 hand axe.
* * * LOW HITPOINT WARNING * * *
You feel drained.
You hit the wight but do no damage.
The wight is moderately damaged.
The wight hits you with a cursed +4 hand axe.
* * * LOW HITPOINT WARNING * * *
You feel better.
You closely miss the wight.
The wight is moderately damaged.
The wight hits you but does no damage.
You closely miss the wight.
The wight is moderately damaged.
The wight hits you with a cursed +4 hand axe.
* * * LOW HITPOINT WARNING * * *
You slash the wight!
The wight is severely damaged.
The wight hits you with a cursed +4 hand axe!
You die...

# ####.# #... ####.####.#
.....<....# ###########
######### .....)... ........#
#...#################.# #...#
#.......@z....#
#.รท.#####.##########..###
...........#............#
####.#######.........##.######
#.# #............)........##
#..#.......................##
##....#.....#.....#.....#...##
#....#.###.#.###.#.###.#....#
#....#.....#.....#.....#.....


You could see a wight.

Vanquished Creatures
  A phantom (D:6)
  4 ogres
  A big kobold (D:5)
  A bullfrog (D:6)
  A scorpion (D:5)
  A killer bee (D:6)
  A wight (D:6)
  A bullfrog zombie (D:5)
  A crimson imp (D:5)
  3 iguanas
  3 worker ants
  A hound skeleton (D:6)
  A worker ant zombie (D:6)
  6 adders
  4 gnolls
  A shadow imp (D:5)
  An ooze (D:3)
  2 adder skeletons (D:4)
  5 worms
  4 dart slugs
  7 leopard geckos
  8 orcs
  4 giant cockroaches
  10 goblins
  7 hobgoblins
  4 quokkas
  10 bats
  3 frilled lizards
  A jackal zombie (D:5)
  10 kobolds
  9 rats
  3 bushes (D:5)
  A plant (D:5)
120 creatures vanquished.

Vanquished Creatures (others)
  3 plants (D:5)
3 creatures vanquished.

Grand Total: 123 creatures vanquished

Notes
Turn   | Place    | Note
-------+----------+-------------------------------------------
     0 | Abyss:1  | Kohma the Hill Orc Abyssal Knight began the quest for the
                  | Orb.
     0 | Abyss:1  | Reached XP level 1. HP: 19/19 MP: 2/2
    20 | D:1      | Escaped the Abyss
    64 | D:1      | Reached skill level 3 in Axes
   270 | D:1      | Reached XP level 2. HP: 23/26 MP: 3/3
   696 | D:1      | Reached skill level 4 in Axes
   776 | D:1      | Reached XP level 3. HP: 31/31 MP: 4/4
  1133 | D:2      | Reached ** piety under Lugonu
  1463 | D:2      | Reached XP level 4. HP: 39/39 MP: 5/5
  1621 | D:3      | Reached skill level 5 in Axes
  2543 | D:3      | Found a hide-covered altar of Uskayaw.
  2550 | D:3      | Found a sacrificial altar of Ru.
  2554 | D:3      | Reached XP level 5. HP: 45/45 MP: 6/6
  2711 | D:3      | Found a shimmering blue altar of Sif Muna.
  2840 | D:3      | Reached skill level 6 in Axes
  2865 | D:4      | HP: 2/45 [orc/+0 club (2)]
  3232 | D:4      | Found a snail-covered altar of Cheibriados.
  3232 | D:4      | Found a shattered altar of Ashenzari.
  3313 | D:4      | Noticed an ogre
  3483 | D:3      | Killed an ogre
  3483 | D:3      | Reached skill level 1 in Shields
  3483 | D:3      | Reached XP level 6. HP: 39/51 MP: 7/7
  3632 | D:4      | Reached *** piety under Lugonu
  4034 | D:4      | Reached skill level 7 in Axes
  4426 | D:4      | Found Waruul's Food Shop.
  4468 | D:5      | Entered Level 5 of the Dungeon
  4473 | D:5      | Reached XP level 7. HP: 54/57 MP: 8/8
  4582 | D:5      | Found a shimmering altar of Xom.
  4928 | D:5      | Reached skill level 8 in Axes
  5474 | D:5      | Reached skill level 5 in Armour
  5800 | D:6      | Reached XP level 8. HP: 62/64 MP: 9/9
  5834 | D:6      | Reached skill level 9 in Axes
  6327 | D:6      | HP: 2/64 [wight/cursed +4 hand axe (6)]
  6331 | D:6      | Slain by a wight

Levels and vault maps discovered:
D:1:      wander_arrival_estate, layout_basic
D:2:      minmay_chambers_of_ones, layout_rooms
D:3:      layout_loops_ring, led_sif_pool, amethyst_overflow_temple_binary,
          first_ration
D:4:      layout_basic, gammafunk_temple_overflow_wave, serial_shops,
          nicolae_shop_statue_plus
D:5:      layout_gridville, xom_butterflies, lexackson_kobold_supper
D:6:      hangedman_cross_stitches, layout_basic, minmay_temple_entry_tees,
          serial_shops, nicolae_shop_trees

Skill      XL: |  1  2  3  4  5  6  7  8 |
---------------+-------------------------+-----
Axes           | 3 4 5 6 7 8 9 |  9.8
Armour         | 3 4 5 |  5.9
Shields        | 1 3 4 |  4.0
Fighting       | |  3.6
Dodging        | |  0.7
Invocations    | |  2.4

Action                   |  1- 3 |  4- 6 |  7- 9 || total
-------------------------+-------+-------+-------++-------
Melee: Hand axe          |   139 |   199 |   426 ||   764
Throw: Javelin           |    11 |     8 |    18 ||    37
       Stone             |       |       |     4 ||     4
  Use: Potion            |       |     1 |     1 ||     2
       Scroll            |       |       |     9 ||     9
  Eat: Chunk             |     2 |     9 |     3 ||    14
       Ration            |       |       |     1 ||     1
Armor: Leather armour    |    15 |       |       ||    15
       Chain mail        |    75 |    97 |    87 ||   259
Dodge: Dodged            |    72 |    61 |    63 ||   196
Block: Buckler           |       |    15 |    27 ||    42

Table legend:
 A = Non-vault XP
 B = Vault XP
 C = Vault XP percentage of total XP
 D = Non-vault monster count
 E = Vault monster count
 F = Vault count percentage of total count
                 A         B        C        D         E       F
            +---------+---------+-------+---------+---------+-------
      Total |    1251 |     384 |  23.5 |      96 |      20 |  17.2
            +---------+---------+-------+---------+---------+-------
        D:1 |      44 |       0 |   0.0 |      26 |       0 |   0.0
        D:2 |      29 |      12 |  29.3 |      15 |       5 |  25.0
        D:3 |     230 |       0 |   0.0 |      23 |       0 |   0.0
        D:4 |     320 |       0 |   0.0 |      18 |       0 |   0.0
        D:5 |     453 |     105 |  18.8 |      11 |       8 |  42.1
        D:6 |     175 |     267 |  60.4 |       3 |       7 |  70.0
            +---------+---------+-------+---------+---------+-------
